 Dungeon Crawl Stone Soup version 0.30.1 (webtiles) character file.

Game seed: 9651068147854721084

45668 shmup the Arsonist (level 14, -26/82 HPs)
             Began as a Tengu Fire Elementalist on July 12, 2023.
             Was the Champion of Nemelex Xobeh.
             Killed from afar by an acid blob (33 damage)
             ... with a splash of acid
             ... on level 5 of the Lair of Beasts on July 13, 2023.
             The game lasted 02:12:51 (26833 turns).

shmup the Arsonist (Tengu Fire Elementalist)       Turns: 26833, Time: 02:12:52

Health: -26/82     AC: -8    Str:  9    XL:     14   Next: 34%
Magic:  27/27      EV: 19    Int: 25    God:    Nemelex Xobeh [******]
Gold:   1831       SH:  0    Dex: 16    Spells: 1/29 levels left

rFire   + + .        b - staff of fire
rCold   . . .        (no shield)
rNeg    . . .        J - +2 troll leather armour {Snorg}
rPois   +            (helmet restricted)
rElec   +            w - +2 cloak {rPois}
rCorr   .            Q - +2 pair of gloves {infuse}
SInv    .            (boots unavailable)
Will    +....        z - amulet of the acrobat
Stlth   ++++         c - ring of wizardry
HPRegen 1.13/turn    P - ring "Mireicw" {Fly rElec rF+ Int+6}
MPRegen 0.20/turn

%: acrobat, wizardry (x1), infuse magic (1 MP)
@: corroded, flying quickly and evasively, quick
A: beak, talons 3, nimble flight
a: Renounce Religion, Draw Escape, Draw Destruction, Draw Summoning, Triple
Draw, Deal Four, Stack Five


You were on level 5 of the Lair of Beasts.
You worshipped Nemelex Xobeh.
Nemelex Xobeh was exalted by your worship.
You visited 3 branches of the dungeon, and saw 17 of its levels.
You also visited: Bailey.

You collected 1876 gold pieces.
You spent 45 gold pieces at shops.

Inventory:

Hand Weapons
 a - the +8 glaive "Yvosche" {speed, rPois rF+ MP+9}
   (You took it off an orc warrior in a bailey)

   rF:        It protects you from fire.
   rPois:     It protects you from poison.
   MP:        It affects your magic capacity (+9).
 e - the +2 demon blade of the Depths {flame, Int+3}
   (You found it on level 4 of the Lair of Beasts)

   Int:       It affects your intelligence (+3).
 x - a +4 quarterstaff of chaos
 U - a +8 trident of protection
Missiles
 h - 16 boomerangs (quivered)
 s - 43 poisoned darts
 A - 7 curare-tipped darts
 H - a throwing net
 O - a boomerang of dispersal
Armour
 w - a +2 cloak of poison resistance (worn)
 J - a +2 troll leather armour (worn) {Snorg}
 Q - a +2 pair of gloves of infusion (worn)
 T - a +2 robe of willpower
Magical Staves
 b - a staff of fire (weapon)
 p - a staff of earth
 y - a staff of poison
 K - a staff of death
Jewellery
 c - a ring of wizardry (left hand)
 d - a ring of see invisible
 z - an amulet of the acrobat (around neck)
 F - a +6 ring of dexterity
 P - the ring "Mireicw" (right hand) {Fly rElec rF+ Int+6}
   (You acquired it on level 7 of the Dungeon)

   [ring of intelligence]

   Int:       It affects your intelligence (+6).
   rF:        It protects you from fire.
   rElec:     It insulates you from electricity.
   Fly:       It grants you flight.
 V - an amulet of faith
 Z - a ring of poison resistance
Wands
 l - a wand of mindburst (18)
 E - a wand of iceblast (14)
 M - a wand of flame (20)
 S - a wand of acid (8)
Scrolls
 g - 4 scrolls of enchant weapon
 o - 3 scrolls of blinking
 q - a scroll of poison
 r - 3 scrolls of silence
 B - 3 scrolls of summoning
 C - 3 scrolls of teleportation
 D - a scroll of amnesia
 L - a scroll of fog
 X - 2 scrolls of fear
Potions
 f - 4 potions of invisibility
 i - 5 potions of magic
 j - 6 potions of haste
 k - 4 potions of might
 m - a potion of ambrosia
 n - a potion of resistance
 t - a potion of cancellation
 u - 6 potions of curing
 v - 3 potions of heal wounds
 I - 3 potions of lignification
 R - a potion of berserk rage
 W - a potion of brilliance
Miscellaneous
 G - a phantom mirror
 Y - a box of beasts


   Skills:
 + Level 7.0 Fighting
 + Level 5.1 Polearms
 + Level 9.8 Dodging
 + Level 9.6 Stealth
 + Level 8.2 Spellcasting
 + Level 11.1 Conjurations
 - Level 4.0 Hexes
 - Level 2.0 Necromancy
 - Level 4.0 Translocations
 * Level 13.5 Fire Magic
 - Level 3.0 Ice Magic
 + Level 1.4 Air Magic
 + Level 5.1 Invocations
 + Level 1.0 Evocations


You had one spell level left.
You knew the following spells:

 Your Spells              Type           Power      Damage    Failure   Level
a - Foxfire               Conj/Fire      100%       2x1d9     1%          1
b - Scorch                Fire           100%       2d9       1%          2
c - Inner Flame           Hex/Fire       69%        N/A       1%          3
d - Volatile Blastmotes   Fire/Tloc      100%       2d18      1%          3
e - Flame Wave            Conj/Fire      82%        2d18      1%          4
f - Slow                  Hex            100%       N/A       1%          1
g - Freeze                Ice            100%       1d10      1%          1
h - Confusing Touch       Hex            30%        N/A       1%          3
i - Vampiric Draining     Necr           20%        2d7       4%          3
j - Freezing Cloud        Conj/Ice/Air   18%        6-21      12%         5
k - Blink                 Tloc           60%        N/A       1%          2

Your spell library contained the following spells:

 Spells                   Type           Power      Damage    Failure   Level
 Kiss of Death            Conj/Necr      100%       2d13      1%          1
 Ignite Poison            Fire/Tmut/Pois 49%        N/A       1%          3
 Cigotuvi's Dreadful Rot  Necr/Pois/Air  30%        N/A       3%          2
 Manifold Assault         Tloc           30%        N/A       6%          4
 Dispel Undead            Necr           20%        3d11      16%         4
 Metabolic Englaciation   Hex/Ice        13%        N/A       22%         5
 Petrify                  Tmut/Erth      10%        N/A       32%         4
 Statue Form              Tmut/Erth      6%         N/A       99%         6
 Storm Form               Tmut/Air       6%         N/A       100%        7


Dungeon Overview and Level Annotations

Branches:
Dungeon (11/15)            Temple (1/1) D:5            Lair (5/5) D:9
  Swamp (0/4) Lair:2       Spider (0/4) Lair:2        Slime (0/5) Lair:5
    Orc (0/2) D:11         Bailey (visited)

Altars:
Ashenzari
Cheibriados
Dithmenos
Elyvilon
Fedhas
Gozag
Hepliaklqana
Kikubaaqudgha
Makhleb
Nemelex Xobeh
Okawaru
Qazlal
Ru
Sif Muna
Trog
Uskayaw
Vehumet
Wu Jian
Xom
Yredelemnul
Zin
The Shining One
Jiyva
Lugonu

Shops:
D:4 [   D:7 *

Portals:
Abyss: Lair:5

Annotations:
D:10 2 transporters, exclusion: downstairs, suzumiya's ghost, novice TrBe
Lair:4 1 runed translucent door, monsoonserge's ghost, journeyman DsMo


Innate Abilities, Weirdness & Mutations

You have a beak for a mouth.
You have claws for feet.
Your magical nature lets you fly swiftly and evasively.


Message History

The acid blob quivers.
The acid blob quivers.
Done exploring.
Done exploring.
Press: ? - help, v - describe, . - travel
Here: an acid blob (fire blocked by a translucent rock wall)
The floor.
You reach down and open the door.
The acid blob misses you. The acid blob spits acid at you.
The splash of acid hits you!! The acid corrodes you!
The acid blob spits acid at you. The splash of acid misses you.
The acid blob spits acid at you. The splash of acid hits you!
* * * LOW HITPOINT WARNING * * *
The acid corrodes you!
You hear a roar!
A thrashing horror comes into view.
The acid blob spits acid at you. The splash of acid hits you!!
* * * LOW HITPOINT WARNING * * *
The acid corrodes you! The acid blob spits acid at you.
The splash of acid misses you. The acid blob spits acid at you.
The splash of acid hits you!!
* * * LOW HITPOINT WARNING * * *
The acid corrodes you!
You feel better. The thrashing horror tramples you.
* * * LOW HITPOINT WARNING * * *
You are shoved backwards!
You feel much better. The thrashing horror misses you. x2
The acid blob spits acid at you. The splash of acid hits you!!
* * * LOW HITPOINT WARNING * * *
The acid corrodes you! The acid blob spits acid at you.
The splash of acid hits you!!
You die...
Your body glows with a rainbow of weird colours and disappears.

.....▒▒▒▒▒....................▒
.▒▒▒▒▒...▒....................▒
.▒▒ ▒>._'.J..................▒
..▒ ▒...▒....................▒
.▒▒▒▒▒▒▒▒▒..J.................▒
..▒▒.▒........................▒
..▒▒..▒......J................▒
.▒▒▒..........................▒
...▒.......▒....Q.............▒
.......▒▒.▒▒▒...X.............▒
▒▒....▒▒▒.▒▒..................▒
▒.P...▒.......................▒
▒.........P...................▒
..P...........................▒
......▒▒..▒...................▒
.▒▒...▒.▒▒....................▒
.......▒▒▒▒...................▒


You could see 3 acid blobs and a thrashing horror.

Vanquished Creatures
  Snorg (Lair:4)
  4 hydras
  A two-headed ogre (D:11)
  4 death yaks
  An orc high priest (Bailey)
  2 thrashing horrors (Lair:5)
  A skyshark (Lair:5)
  An orc knight (Bailey)
  An ugly thing (Lair:5)
  A cyclops (D:11)
  6 elephants
  Joseph (D:7)
  2 gargoyles (D:10)
  4 black mambas
  6 rime drakes
  10 cane toads
  7 komodo dragons
  2 ancient zymes (Lair:5)
  A troll (D:11)
  6 polar bears
  23 blink frogs
  4 dream sheep (Lair:5)
  2 large abominations (Lair:5)
  A wraith (D:10)
  3 shadows (D:11)
  4 wyverns
  35 yaks
  4 ynoxinuls (Lair:5)
  3 humans
  3 basilisks
  3 redbacks (Lair:2)
  2 chaos spawn (Lair:5)
  3 steam dragons
  An acid dragon (D:9)
  14 water moccasins
  10 orc warriors
  A sky beast (D:7)
  An ice beast (D:6)
  3 black bears
  An ogre (D:6)
  4 boggarts (Lair:4)
  3 phantoms
  5 centaurs
  4 wolves (Lair:1)
  3 kobold brigands
  18 bullfrogs
  2 gnoll sergeants
  4 scorpions
  7 small abominations (Lair:5)
  5 wights (D:8)
  3 troll zombies (D:11)
  13 killer bees
  2 howler monkeys (D:6)
  5 electric eels
  3 gnoll boudas
  A hound (D:5)
  2 orc priests
  A human zombie (D:7)
  3 sleepcaps
  Crazy Yiuf (D:2)
  5 iguanas
  10 orc wizards
  13 hell rats
  5 ogre zombies (D:11)
  21 gnolls
  11 adders
  9 river rats (Lair:1)
  A shadow imp (D:6)
  2 white imps
  2 ufetubi
  3 worms
  3 dart slugs
  39 orcs
  4 bats
  11 endoplasms
  6 giant cockroaches
  14 goblins
  10 hobgoblins
  7 quokkas (Lair:1)
  9 ball pythons
  3 frilled lizards
  2 goblin skeletons (D:11)
  4 goblin zombies (D:11)
  2 hobgoblin skeletons (D:11)
  4 hobgoblin zombies (D:11)
  17 kobolds
  An orc skeleton (D:11)
  11 orc zombies (D:11)
  17 rats
518 creatures vanquished.

Vanquished Creatures (collateral kills)
  An elephant (Lair:5)
  Prince Ribbit (D:7)
  A killer bee (D:10)
  3 foxfires
6 creatures vanquished.

Vanquished Creatures (others)
  Ijyb (D:5)
  2 orcs (D:7)
  1058 foxfires
1061 creatures vanquished.

Grand Total: 1585 creatures vanquished

Notes
Turn   | Place    | Note
-------+----------+-------------------------------------------
     0 | D:1      | shmup the Tengu Fire Elementalist began the quest for the
                  | Orb.
     0 | D:1      | Reached XP level 1. HP: 10/10 MP: 4/4
   179 | D:1      | Reached XP level 2. HP: 12/15 MP: 4/6
  1003 | D:2      | Reached XP level 3. HP: 19/19 MP: 4/7
  1163 | D:2      | Learned a level 2 spell: Scorch
  1172 | D:2      | Found a faded altar of an unknown god.
  1174 | D:2      | Noticed a scorpion
  1178 | D:2      | Reached skill level 4 in Fire Magic
  1217 | D:2      | Killed a scorpion
  1218 | D:2      | Reached XP level 4. HP: 24/24 MP: 2/8
  1303 | D:2      | Gained mutation: Your magical nature lets you fly swiftly
                  | and evasively. [Tengu growth]
  1303 | D:2      | Reached XP level 5. HP: 28/28 MP: 7/9
  1675 | D:2      | You are sucked into a shaft and drop 2 floors!
  1732 | D:4      | Found a sparkling altar of Nemelex Xobeh.
  1834 | D:4      | HP: 1/28 [white imp/puff of frost (9)]
  2274 | D:2      | Found a runed translucent door.
  2275 | D:2      | Noticed Crazy Yiuf
  2364 | D:2      | Killed Crazy Yiuf
  2687 | D:3      | Noticed a phantom
  2728 | D:3      | Reached skill level 5 in Fire Magic
  2728 | D:3      | Reached XP level 6. HP: 32/32 MP: 4/11
  3783 | D:4      | Found a hazy altar of Hepliaklqana.
  3791 | D:4      | Became a worshipper of Nemelex Xobeh the Trickster
  3871 | D:4      | Reached XP level 7. HP: 36/36 MP: 1/12
  4166 | D:4      | Found Celo's Antique Armour Shoppe.
  4202 | D:5      | Entered Level 5 of the Dungeon
  4279 | D:5      | Learned a level 3 spell: Inner Flame
  4283 | D:5      | Learned a level 3 spell: Volatile Blastmotes
  4739 | D:5      | Reached skill level 6 in Fire Magic
  4867 | D:5      | Noticed Ijyb
  4878 | D:5      | Killed Ijyb
  4997 | D:5      | Reached skill level 1 in Fighting
  4999 | D:5      | Reached skill level 1 in Translocations
  5106 | D:5      | Found a shimmering altar of Xom.
  5117 | D:5      | Reached XP level 8. HP: 43/43 MP: 9/14
  5388 | D:5      | Found a staircase to the Ecumenical Temple.
  5413 | D:5      | Reached skill level 1 in Hexes
  5458 | D:5      | Reached * piety under Nemelex Xobeh
  6132 | D:6      | Received a gift from Nemelex Xobeh
  6184 | Temple   | Entered the Ecumenical Temple
  6280 | D:6      | Reached skill level 5 in Conjurations
  6718 | D:6      | Reached skill level 7 in Fire Magic
  6830 | D:6      | Reached ** piety under Nemelex Xobeh
  6848 | D:6      | Reached skill level 5 in Dodging
  6848 | D:6      | Reached XP level 9. HP: 47/49 MP: 7/16
  7062 | D:6      | Received a gift from Nemelex Xobeh
  7500 | D:6      | Reached skill level 5 in Stealth
  7981 | D:7      | Found Razytuu's Island Escapes.
  8105 | D:7      | Found a flagged portal.
  8117 | Bailey   | Entered a bailey
  8445 | Bailey   | Noticed an orc knight
  8764 | Bailey   | Reached skill level 8 in Fire Magic
  8783 | Bailey   | Killed an orc knight
  9020 | Bailey   | Reached skill level 5 in Spellcasting
  9129 | Bailey   | Identified the +8 glaive "Yvosche" {speed, rPois rF+ MP+9}
  9140 | Bailey   | Reached XP level 10. HP: 29/56 MP: 9/18
  9140 | Bailey   | Noticed an orc high priest
  9251 | Bailey   | Noticed an orc high priest
  9439 | Bailey   | Noticed a soul eater
  9443 | Bailey   | Noticed a sun demon
  9454 | Bailey   | Found an iron altar of Okawaru.
  9491 | Bailey   | Noticed a smoke demon
  9508 | Bailey   | Reached skill level 1 in Polearms
  9711 | Bailey   | Killed an orc high priest
  9712 | Bailey   | Reached skill level 9 in Fire Magic
  9961 | Bailey   | Noticed a soul eater
 10277 | D:7      | Noticed Joseph
 10334 | D:7      | Killed Joseph
 10590 | D:7      | Noticed Prince Ribbit
 10594 | D:7      | Killed Prince Ribbit
 10630 | D:7      | Found a glowing golden altar of the Shining One.
 10631 | D:7      | Found a stormy altar of Qazlal.
 10735 | D:7      | Found a runed translucent door.
 10748 | D:7      | Found a basalt altar of Yredelemnul.
 10903 | D:7      | Learned a level 4 spell: Flame Wave
 10990 | D:7      | Acquired the ring "Mireicw" {Fly rElec rF+ Int+6}
 11659 | D:8      | Received a gift from Nemelex Xobeh
 11876 | D:8      | Found a shimmering blue altar of Sif Muna.
 11904 | D:8      | Got Sif Muna's Discourse on Congelation
 12421 | D:9      | Reached skill level 10 in Fire Magic
 12500 | D:9      | Reached skill level 1 in Invocations
 12500 | D:9      | Reached XP level 11. HP: 60/60 MP: 19/20
 12604 | D:9      | Found a staircase to the Lair.
 12888 | D:9      | Received a gift from Nemelex Xobeh
 12889 | D:9      | Reached *** piety under Nemelex Xobeh
 13373 | D:9      | Acquired 814 gold pieces
 13385 | D:10     | Entered Level 10 of the Dungeon
 13451 | D:10     | Found an iron altar of Okawaru.
 14031 | D:10     | Noticed a two-headed ogre
 14031 | D:10     | Noticed a two-headed ogre
 14043 | D:10     | Found a transporter.
 14044 | D:10     | Noticed a two-headed ogre
 14044 | D:10     | Noticed a two-headed ogre
 14045 | D:10     | Noticed a two-headed ogre
 14048 | D:10     | Found a transporter.
 14048 | D:10     | Noticed suzumiya's ghost (novice TrBe)
 14259 | D:10     | Found a hide-covered altar of Uskayaw.
 14439 | D:11     | Noticed a two-headed ogre
 14495 | D:11     | Killed a two-headed ogre
 14821 | D:11     | Found a staircase to the Orcish Mines.
 14829 | D:11     | Noticed a cyclops
 14837 | D:11     | Killed a cyclops
 15327 | D:11     | Reached **** piety under Nemelex Xobeh
 15367 | D:11     | Noticed a soul eater
 15384 | D:11     | Noticed a sixfirhy
 15732 | D:7      | Bought a scroll of teleportation for 45 gold pieces
 15838 | Lair:1   | Entered Level 1 of the Lair of Beasts
 15974 | Lair:1   | Reached skill level 11 in Fire Magic
 16166 | Lair:1   | Received a gift from Nemelex Xobeh
 16395 | Lair:1   | Reached XP level 12. HP: 53/68 MP: 16/22
 16403 | Lair:1   | Reached skill level 5 in Fighting
 16915 | Lair:1   | Identified the +2 scale mail of Jonwaset {Str+3 Dex+3}
 17084 | Lair:1   | Received a gift from Nemelex Xobeh
 17094 | Lair:1   | Reached skill level 5 in Polearms
 17097 | Lair:1   | Learned a level 1 spell: Slow
 17099 | Lair:1   | Learned a level 1 spell: Freeze
 17103 | Lair:1   | Learned a level 3 spell: Confusing Touch
 17107 | Lair:1   | Learned a level 3 spell: Vampiric Draining
 17154 | Lair:1   | Reached skill level 1 in Necromancy
 17589 | Lair:2   | Found a staircase to the Swamp.
 17624 | Lair:2   | Noticed a six-headed hydra
 17640 | Lair:2   | Killed a six-headed hydra
 18416 | Lair:2   | Received a gift from Nemelex Xobeh
 18754 | Lair:2   | Reached ***** piety under Nemelex Xobeh
 18847 | Lair:2   | Found a hole to the Spider Nest.
 18935 | Lair:2   | Reached skill level 12 in Fire Magic
 19635 | Lair:3   | Received a gift from Nemelex Xobeh
 19664 | Lair:3   | Reached XP level 13. HP: 52/74 MP: 19/24
 19679 | Lair:3   | Reached skill level 1 in Ice Magic
 20223 | Lair:3   | Reached skill level 10 in Conjurations
 22059 | Lair:4   | Noticed Snorg
 22059 | Lair:4   | Received a gift from Nemelex Xobeh
 22065 | Lair:4   | Killed Snorg
 22328 | Lair:4   | Identified the +2 demon blade of the Depths {flame, Int+3}
 23312 | Lair:4   | Received a gift from Nemelex Xobeh
 23519 | Lair:4   | Found a runed translucent door.
 23519 | Lair:4   | Found a shimmering altar of Xom.
 23519 | Lair:4   | Noticed monsoonserge's ghost (journeyman DsMo)
 23918 | Lair:5   | Entered Level 5 of the Lair of Beasts
 24050 | Lair:5   | Received a gift from Nemelex Xobeh
 24385 | Lair:5   | Found a runed translucent door.
 24386 | Lair:5   | Found a viscous altar of Jiyva.
 24387 | Lair:5   | Noticed an acid blob
 24387 | Lair:5   | Noticed an acid blob
 24395 | Lair:5   | Found a staircase to the Slime Pits.
 24395 | Lair:5   | Noticed an acid blob
 24655 | Lair:5   | Reached skill level 13 in Fire Magic
 24857 | Lair:5   | Reached XP level 14. HP: 74/80 MP: 20/26
 24947 | Lair:5   | Reached skill level 5 in Invocations
 25349 | Lair:5   | Reached ****** piety under Nemelex Xobeh
 25356 | Lair:5   | Received a gift from Nemelex Xobeh
 25500 | Lair:2   | Learned a level 5 spell: Freezing Cloud
 26202 | Lair:5   | Found a one-way gate to the infinite horrors of the Abyss.
 26202 | Lair:5   | Found a corrupted altar of Lugonu.
 26362 | Lair:5   | Reached skill level 1 in Air Magic
 26554 | Lair:5   | Reached skill level 1 in Evocations
 26656 | Lair:5   | Learned a level 2 spell: Blink
 26833 | Lair:5   | Killed from afar by an acid blob

Illustrated notes

Levels and vault maps discovered:
D:1:      roderic_crossed_star, layout_loops_ring
D:2:      cheibrodos_old_hovel, layout_loops_ring,
          shapermc_ecumenical_altar_starsandcircs, uniq_crazy_yiuf_cottage
D:3:      layout_loops_ring, grunt_ministairs_4
D:4:      layout_basic, mainiacjoe_overflow_big_doors, serial_shops, shop
D:5:      layout_basic, mainiacjoe_overflow_six_doors_small,
          minmay_temple_entry_hall, serial_bayou_pond_c, dk_noncrumbling_3,
          uniq_ijyb
D:6:      layout_gridville
D:7:      layout_basic, dk_yredelemnul_ordeal, mainiacjoe_overflow_divided_tiny,
          enter_bailey_2, nicolae_island_escapes, uniq_prince_ribbit1,
          uniq_joseph
D:8:      layout_basic, led_sif_book, nicolae_grassy_gnolls
D:9:      layout_basic, david_lair_generic
D:10:     layout_rooms, okawaru_humans, nicolae_uskayaw_dance_hall,
          gammafunk_ghost_smash, hex_intersection
D:11:     layout_grid_maze, zombieorc2_lemuel
Temple:   cyrus_circular_temple
Lair:1:   lemuel_ratsnest, layout_cave_pods
Lair:2:   layout_cellular_growth, swamp_mist_pool, spider_nest_entry_webs,
          st_stairs_11
Lair:3:   layout_cellular_growth
Lair:4:   layout_gridlike, ebering_ghost_xom, st_stairs_3, serial_bayou_ford_a,
          kilobyte_rumbling_trees, uniq_snorg
Lair:5:   hellmonk_lair_end_abyssal_woods, layout_layer_cave, slime_entry_2,
          patterned_corridor

Skill      XL: |  1  2  3  4  5  6  7  8  9 10 11 12 13 14 |
---------------+-------------------------------------------+-----
Conjurations   | 2 3 4 5 6 7 8 9 10 11 | 11.1
Fire Magic     | 4 5 6 7 8 10 11 12 13 | 13.5
Dodging        | 3 4 5 6 7 8 9 |  9.8
Stealth        | 3 4 5 6 7 8 9 |  9.6
Spellcasting   | 3 4 5 6 7 8 |  8.2
Fighting       | 1 2 3 4 5 6 7 |  7.0
Translocations | 1 2 3 4 |  4.0
Hexes          | 1 2 3 4 |  4.0
Polearms       | 3 4 5 |  5.1
Invocations    | 1 2 4 5 |  5.1
Necromancy     | 2 |  2.0
Ice Magic      | 3 |  3.0
Air Magic      | 1 |  1.4
Evocations     | 1 |  1.0

Action                     |  1- 3 |  4- 6 |  7- 9 | 10-12 | 13-15 || total
---------------------------+-------+-------+-------+-------+-------++-------
  Melee: Unarmed           |     3 |       |       |       |       ||     3
         Kick              |     3 |     7 |    21 |    35 |    29 ||    95
         Peck              |     1 |     1 |    12 |    15 |    17 ||    46
         Dagger            |     8 |    19 |    62 |       |       ||    89
         Punch             |       |     1 |     1 |       |       ||     2
         Glaive            |       |       |       |   128 |    69 ||   197
         Staff             |       |       |       |       |     2 ||     2
   Cast: Foxfire           |    45 |    32 |    87 |   261 |   190 ||   615
         Scorch            |       |    37 |   140 |   137 |    74 ||   388
         Inner Flame       |       |       |     1 |    81 |    91 ||   173
         Volatile Blastmot |       |       |       |    18 |    16 ||    34
         Flame Wave        |       |       |       |       |     3 ||     3
         Confusing Touch   |       |       |       |       |     2 ||     2
         Slow              |       |       |       |       |     1 ||     1
         Freeze            |       |       |       |       |     1 ||     1
 Invoke: Draw Destruction  |       |       |     2 |     8 |     3 ||    13
         Draw Summoning    |       |       |       |     3 |     1 ||     4
    Use: Scroll            |       |     5 |     6 |    20 |     5 ||    36
         Potion            |       |       |     1 |     5 |     4 ||    10
   Stab: Sleeping          |     1 |       |       |     1 |       ||     2
         Distracted        |       |       |       |     2 |       ||     2
 Armour: Robe              |     7 |     7 |    27 |    40 |    19 ||   100
         Troll leather arm |       |       |       |       |     5 ||     5
  Dodge: Dodged            |    30 |    42 |   140 |   247 |   147 ||   606
